 Dungeon Crawl Stone Soup version 0.27-a0-1456-gf5a116941d (webtiles) character file.

Game seed: 12847847726170576843

939 wesbby the Slasher (level 7, -12/61 (62) HPs)
             Began as a Minotaur Berserker on July 6, 2021.
             Was a Priest of Trog.
             Killed from afar by Pikel (13 damage)
             ... with an iceblast
             ... on level 5 of the Dungeon.
             The game lasted 00:07:23 (4123 turns).

wesbby the Slasher (Minotaur Berserker)             Turns: 4123, Time: 00:07:23

HP:   -12/61 (62)   AC:  7    Str: 23    XL:     7   Next: 87%
MP:   6/6           EV: 11    Int:  4    God:    Trog [***...]
Gold: 174           SH:  3    Dex: 10    Spells: 6/6 levels left

rFire    . . .     SeeInvis .   l - +1 long sword (flame)
rCold    . . .     Faith    .   d - +0 buckler
rNeg     . . .     Spirit   .   e - +0 ring mail
rPois    .         Reflect  .   (helmet restricted)
rElec    .         Harm     .   j - +0 cloak
rCorr    +         Rampage  .   (no gloves)
Will     .....                  (no boots)
Stlth    +.........             (no amulet)
HPRegen  0.20/turn              h - ring of resist corrosion
MPRegen  0.10/turn              (no ring)

@: hasted, studying Crossbows, lightly drained, very quick
A: horns 2, retaliatory headbutt
a: Renounce Religion, Berserk, Trog's Hand


You were on level 5 of the Dungeon.
You worshipped Trog.
Trog was most pleased with you.
You visited 1 branch of the dungeon, and saw 5 of its levels.

You collected 174 gold pieces.

Inventory:

Hand Weapons
 a - a +0 falchion
 l - a +1 long sword of flaming (weapon)
Missiles
 c - 23 poisoned darts (quivered)
 k - 3 boomerangs
Armour
 b - a +0 animal skin
 d - a +0 buckler (worn)
 e - a +0 ring mail (worn)
 j - a +0 cloak (worn)
Jewellery
 h - a ring of resist corrosion (left hand)
Wands
 m - a wand of flame (17)
Scrolls
 n - a scroll of enchant armour {unknown}
 p - a scroll of identify {unknown}
Potions
 f - 2 potions of mutation {unknown}
 i - a potion of curing
 o - 2 potions of lignification {unknown}
 r - a potion of cancellation


   Skills:
 * Level 5.9 Fighting
 * Level 7.6 Long Blades
 * Level 6.0 Armour
 * Level 4.0 Dodging
 + Level 1.0 Stealth
 + Level 1.2 Shields


You had 6 spell levels left.
You didn't know any spells.
Your spell library was empty.

Dungeon Overview and Level Annotations

Branches:
Dungeon (5/15)
 Temple: D:4-7

Altars:
Nemelex Xobeh
Sif Muna
Trog

Annotations:
D:5 Pikel


Innate Abilities, Weirdness & Mutations

You have a pair of horns on your head.
You reflexively headbutt those who attack you in melee.


Message History

A lemure comes into view.
Pikel zaps a wand.
The mass of ice explodes!
The iceblast engulfs you.
* * * LOW HITPOINT WARNING * * *
You feel yourself speed up.
You're still recovering from your berserk rage.
You hit Pikel. You burn Pikel.
Pikel is lightly wounded.
You feel the effects of Trog's Hand fading.
Pikel hits you but does no damage.
You hit Pikel. You burn Pikel.
Pikel is moderately wounded.
Pikel hits you with a +2 whip of flaming.
Pikel burns you.
You hit Pikel. You burn Pikel.
Pikel is moderately wounded.
You block Pikel's attack.
You hit Pikel but do no damage.
Pikel is moderately wounded.
Pikel hits you with a +2 whip of flaming.
Pikel burns you.
You closely miss Pikel.
Pikel is moderately wounded.
You recover from your berserk rage.
Pikel hits you but does no damage.
Pikel hits you with a +2 whip of flaming!
* * * LOW HITPOINT WARNING * * *
Pikel burns you.
* * * LOW HITPOINT WARNING * * *
As you read the scroll labelled LYGOIT SOTWAEPU, it crumbles to dust.
You assume a fearsome visage.
Pikel looks frightened!
The lemure is unaffected.
It was a scroll of fear.
Your skin stops crawling.
You feel less strong-willed.
Cornered, Pikel turns to fight!
Okay, then.
You feel yourself speed up.
Pikel zaps a wand.
The mass of ice explodes!
The iceblast engulfs you!
* * * LOW HITPOINT WARNING * * *
You hear a shout!
Pikel zaps a wand.
The mass of ice explodes!
The iceblast engulfs you!
You die...

###############
...........5..#
#......K##.##
#...@...##.K#
#.......###.##
#.......# #5.#
############.#
######
........###.....
...........(....
.......#.##.....
.......#..#.....
...)...##.#.....


You could see Pikel and a lemure.

Vanquished Creatures
  Duvessa (D:4)
  An ice beast (D:5)
  A black bear (D:4)
  A necrophage (D:5)
  3 ogres
  3 lemures (D:5)
  Dowan (D:4)
  An orc priest (D:4)
  A hound (D:4)
  An iguana (D:4)
  5 gnolls
  4 adders
  A worm (D:2)
  A dart slug (D:4)
  8 orcs
  7 ball pythons
  5 bats
  4 endoplasms
  2 giant cockroaches
  12 hobgoblins
  3 quokkas
  3 frilled lizards
  13 goblins
  7 kobolds
  7 rats
96 creatures vanquished.

Notes
Turn   | Place    | Note
-------+----------+-------------------------------------------
     0 | D:1      | wesbby the Minotaur Berserker began the quest for the Orb.
     0 | D:1      | Reached XP level 1. HP: 19/19 MP: 0/0
   268 | D:1      | Reached XP level 2. HP: 24/27 MP: 1/1
   322 | D:1      | Reached skill level 4 in Long Blades
   690 | D:1      | Reached XP level 3. HP: 20/33 MP: 2/2
  1265 | D:2      | Reached ** piety under Trog
  1514 | D:2      | Noticed an ogre
  1523 | D:2      | Killed an ogre
  1524 | D:2      | Reached skill level 5 in Long Blades
  1524 | D:2      | Reached XP level 4. HP: 33/41 MP: 3/3
  1524 | D:2      | Reached XP level 5. HP: 38/47 MP: 4/4
  2416 | D:3      | Found a sparkling altar of Nemelex Xobeh.
  3149 | D:4      | Reached XP level 6. HP: 55/55 MP: 5/5
  3222 | D:4      | Reached skill level 5 in Fighting
  3222 | D:4      | Reached skill level 6 in Long Blades
  3351 | D:4      | Reached skill level 5 in Armour
  3406 | D:4      | Noticed Duvessa
  3407 | D:4      | Found a bloodstained altar of Trog.
  3414 | D:4      | Killed Duvessa
  3415 | D:4      | Reached XP level 7. HP: 61/61 MP: 6/6
  3485 | D:4      | Noticed Dowan
  3486 | D:4      | Found a shimmering blue altar of Sif Muna.
  3495 | D:4      | Killed Dowan
  3624 | D:4      | Reached *** piety under Trog
  3678 | D:4      | Reached skill level 1 in Shields
  3684 | D:4      | Reached skill level 7 in Long Blades
  4014 | D:5      | Entered Level 5 of the Dungeon
  4084 | D:5      | Reached skill level 1 in Stealth
  4095 | D:5      | Noticed Pikel
  4120 | D:5      | HP: 1/61 [Pikel/iceblast (13)]
  4123 | D:5      | Killed from afar by Pikel

Illustrated notes

Levels and vault maps discovered:
D:1:      tarquinn_simple_flora_water_f, layout_loops_cross
D:2:      cheibrodos_greedy_goblins, layout_rooms
D:3:      layout_loops_corners, nemelex_dance_club_becter
D:4:      layout_gridville, nzn_overflow_gifts_of_might_and_magic
D:5:      layout_basic, serial_curves, eino_curves_03, eino_curves_01,
          kennysheep_generic_room_13, uniq_pikel

Skill      XL: |  1  2  3  4  5  6  7 |
---------------+----------------------+-----
Long Blades    | 4 5 6 7 |  7.6
Fighting       | 4 5 |  5.9
Armour         | 3 4 5 6 |  6.0
Dodging        | 3 4 |  4.0
Shields        | 1 |  1.2
Stealth        | 1 |  1.0

Action                   |  1- 3 |  4- 6 |  7- 9 || total
-------------------------+-------+-------+-------++-------
Melee: Falchion          |    76 |    50 |       ||   126
       Headbutt          |    16 |    11 |     8 ||    35
       Long sword        |       |    21 |    46 ||    67
Invok: Berserk           |     3 |     5 |     2 ||    10
       Trog's Hand       |       |       |     1 ||     1
  Use: Potion            |     2 |     2 |     1 ||     5
       Scroll            |       |     1 |     1 ||     2
Armor: Ring mail         |    28 |    17 |    11 ||    56
Dodge: Dodged            |    44 |    43 |    15 ||   102
Block: Buckler           |     2 |     6 |     6 ||    14
       Rpst.: Falchion   |    13 |     6 |       ||    19
       Long sword        |       |     5 |     4 ||     9

Table legend: (Time is in decaauts)
 A = Elapsed time spent in this place.
 B = Non-inter-level travel time spent in this place.
 C = Inter-level travel time spent in this place.
 D = Time resting spent in this place.
 E = Time spent auto-exploring this place.
 F = Levels seen in this place.
 G = Mean time per level.
                   A        B        C        D        E       F      G
               +--------+--------+--------+--------+--------+-----+--------+
         Total |   4224 |   4094 |    130 |    268 |   3266 |   5 |  844.8 |
       Dungeon |   4224 |   4094 |    130 |    268 |   3266 |   5 |  844.8 |
               +--------+--------+--------+--------+--------+-----+--------+

Top non-repeatable levels by time:
     D:4: 1103 daAuts
     D:3: 1095 daAuts
     D:1: 1023 daAuts
     D:2: 879 daAuts
     D:5: 122 daAuts
